 Dungeon Crawl Stone Soup version 0.23.0 (webtiles) character file.

Game seed: 10481336182639121184

267 LostNumber the Distorting Demonspawn (level 6, -6/48 HPs)
             Began as a Demonspawn Abyssal Knight on Feb 10, 2019.
             Was a Believer of Lugonu.
             Killed by divine providence
             ... invoked by an orc priest
              (13 damage)
             ... on level 4 of the Dungeon.
             The game lasted 00:05:40 (3283 turns).

LostNumber the Distorting Demonspawn (DsAK)         Turns: 3283, Time: 00:05:40

Health: -6/48      AC:  7    Str: 14    XL:     6   Next: 0%
Magic:  9/9        EV:  9    Int: 20    God:    Lugonu [**....]
Gold:   273        SH:  0    Dex: 12    Spells: 5/5 levels left

rFire    + . .     SeeInvis .     - Unarmed
rCold    + . .     Gourm    .   (no shield)
rNeg     . . .     Faith    .   m - +0 scale mail
rPois    +         Spirit   .   (no helmet)
rElec    +         Reflect  .   (no cloak)
rCorr    +         Harm     .   g - +0 pair of gloves {archery}
MR       .....                  (no boots)
Stlth    ..........             (no amulet)
HPRegen  0.16/turn              i - +6 ring of intelligence
MPRegen  0.11/turn              (no ring)

@: resistant, very slightly contaminated, slowed, invisible (expiring), very
slow
A: claws 1, hooves 1, powered by pain 1, rot immunity
a: Depart the Abyss, Bend Space, Renounce Religion


You were on level 4 of the Dungeon.
You worshipped Lugonu.
Lugonu was pleased with you.
You were hungry.

You visited 1 branch of the dungeon, and saw 4 of its levels.
You visited the Abyss 1 time.

You collected 273 gold pieces.

Inventory:

Hand Weapons
 a - a +1 hand axe
 o - a +1 hand axe of chopping
   (You took it off an orc on level 2 of the Dungeon)
Armour
 b - a +0 leather armour
 g - a +0 pair of gloves of archery (worn)
   (You found it on level 1 of the Dungeon)
 m - a +0 scale mail (worn)
   (You found it on level 2 of the Dungeon)
Jewellery
 i - a +6 ring of intelligence (left hand)
   (You found it on level 1 of the Dungeon)
 r - an uncursed ring of fire
   (You found it on level 4 of the Dungeon)
Wands
 k - a wand of clouds (5)
   (You found it on level 2 of the Dungeon)
 t - a wand of flame (18)
   (You found it on level 2 of the Dungeon)
Scrolls
 d - 6 scrolls of identify {unknown}
 f - 2 scrolls of enchant armour {unknown}
 h - 5 scrolls of remove curse {unknown}
 j - a scroll of magic mapping {unknown}
 p - a scroll of fear {unknown}
Potions
 l - a potion of flight {unknown}
 q - a potion of brilliance {unknown}
 u - a potion of agility {unknown}
Comestibles
 e - 8 rations {!d}


   Skills:
 + Level 4.2 Fighting
 - Level 2.2 Axes
 - Level 1.7 Armour
 - Level 0.8 Dodging
 * Level 3.4 Unarmed Combat
 + Level 4.5 Invocations


You had 5 spell levels left.
You didn't know any spells.
Your spell library was empty.

Dungeon Overview and Level Annotations

Branches:
Dungeon (4/15)
 Temple: D:4-7

Altars:
Fedhas
Wu Jian

Annotations:
D:4 3 runed translucent doors, TheNamelessOne's ghost, amateur OpAs


Innate Abilities, Weirdness & Mutations

You have sharp fingernails.
You have large cloven feet.
You sometimes gain a little power by taking damage.
You are immune to rotting.


Message History

You kill the orc wizard!
Lugonu accepts your kill.
You have reached level 6!
Your experience leads to an increase in your attributes!
Your base attributes are Str 14, Int 13, Dex 12.
Increase (S)trength, (I)ntelligence, or (D)exterity?
You feel clever. The orc wizard closely misses you.
The orc wizard casts a spell at you. The magic dart hits you.
The orc priest closely misses you.
You hit the orc wizard but do no damage.
Your kick misses the orc wizard. The orc wizard closely misses you.
The orc priest closely misses you.
The orc wizard hits you but does no damage.
You miss the orc wizard. The orc wizard completely misses you.
The orc priest looks braver for a moment.
The orc wizard closely misses you. The orc priest barely misses you.
You hit the orc wizard. Your kick misses the orc wizard.
The orc wizard closely misses you.
The orc wizard hits you with a +0 dagger.
The orc priest closely misses you.
You barely miss the orc wizard. Your kick misses the orc wizard.
The orc wizard hits you but does no damage. x2
The orc priest barely misses you. The orc wizard barely misses you.
The orc priest hits you with a +0 short sword.
* * * LOW HITPOINT WARNING * * *
Unknown command.
You hit the orc priest.
You kick the orc priest, but do no damage.
The orc wizard casts a spell at you. The magic dart hits you!
* * * LOW HITPOINT WARNING * * *
The orc priest hits you but does no damage.
The orc wizard closely misses you.
The orc wizard casts a spell past the orc priest.
Unknown command.
The orc wizard gestures at something while chanting.
The magic dart hits you!
* * * LOW HITPOINT WARNING * * *
You flicker for a moment.
It was a potion of resistance.
You feel protected.
The orc wizard is no longer moving quickly.
The orc wizard barely misses you.
The orc priest mumbles some strange prayers to Beogh against you.
The orc wizard struggles to resist.
The orc wizard hits you but does no damage.
The orc priest invokes the aid of Beogh against you.
Beogh smites you!
You die...

#...#ZZ....W#.###
#.####.....####
#.# .......# #.#
##..)[.## #.#
..#.#..# #.#
########
#.###.....
##....#>.
#.@...#..
#.o...#o#
#....##.#
#....##.#
#...o[).#
#....#### #....#
#....# ######


You could see an orc priest and an orc wizard.

Vanquished Creatures
  An ogre (D:4)
  An orc priest (D:3)
  An orc wizard (D:4)
  A hound skeleton (D:4)
  3 adders
  An ooze (D:1)
  An adder skeleton (D:4)
  A worm (D:2)
  A dart slug (D:1)
  5 leopard geckos
  6 orcs
  10 bats
  A giant cockroach (D:1)
  7 goblins
  5 hobgoblins
  8 jackals
  2 quokkas
  3 frilled lizards
  3 kobolds
  3 rats
64 creatures vanquished.

Notes
Turn   | Place    | Note
-------+----------+-------------------------------------------
     0 | Abyss:1  | LostNumber the Demonspawn Abyssal Knight began the quest
                  | for the Orb.
     0 | Abyss:1  | Reached XP level 1. HP: 18/18 MP: 2/2
    32 | Abyss:1  | Noticed a great orb of eyes
    33 | D:1      | Escaped the Abyss
   303 | D:1      | Gained mutation: You have large cloven feet. [demonic
                  | ancestry]
   303 | D:1      | Reached XP level 2. HP: 11/24 MP: 4/4
   497 | D:1      | Reached * piety under Lugonu
  1008 | D:2      | Reached skill level 1 in Unarmed Combat
  1152 | D:2      | Gained mutation: You sometimes gain a little power by
                  | taking damage. [demonic ancestry]
  1152 | D:2      | Reached XP level 3. HP: 22/29 MP: 5/5
  2119 | D:3      | Reached ** piety under Lugonu
  2119 | D:3      | Gained mutation: You are immune to rotting. [demonic
                  | ancestry]
  2119 | D:3      | Reached XP level 4. HP: 12/36 MP: 6/6
  2617 | D:3      | Found an ornate altar of the Wu Jian Council.
  2850 | D:4      | Noticed an ogre
  2856 | D:4      | Killed an ogre
  2856 | D:4      | Gained mutation: You have sharp fingernails. [demonic
                  | ancestry]
  2856 | D:4      | Reached XP level 5. HP: 42/42 MP: 6/8
  2931 | D:4      | Found a blossoming altar of Fedhas.
  3155 | D:4      | Found a runed translucent gate.
  3155 | D:4      | Found a runed translucent gate.
  3156 | D:4      | Found a runed translucent gate.
  3156 | D:4      | Noticed TheNamelessOne's ghost (amateur OpAs)
  3273 | D:4      | Reached XP level 6. HP: 32/48 MP: 9/9
  3283 | D:4      | Killed from afar by an orc priest

Skill      XL: |  1  2  3  4 |
---------------+-------------+-----
Axes           | 2 |  2.2
Invocations    | 3 4 |  4.5
Unarmed Combat | 1 2 3 |  3.4
Fighting       | 4 |  4.2
Armour         | |  1.7
Dodging        | |  0.8

Action                   |  1- 3 |  4- 6 || total
-------------------------+-------+-------++-------
Melee: Hand axe          |   127 |    58 ||   185
       Kick              |    27 |    18 ||    45
       Unarmed           |       |    21 ||    21
Invok: Depart the Abyss  |     1 |       ||     1
Evoke: Wand              |       |     5 ||     5
  Use: Potion            |       |     2 ||     2
 Stab: Invisible         |       |     2 ||     2
  Eat: Chunk             |     4 |     3 ||     7
Armor: Leather armour    |    37 |       ||    37
       Scale mail        |    49 |    46 ||    95
Dodge: Dodged            |   101 |    44 ||   145
